 Dungeon Sprint DCSS version 0.31-a0-841-g038b102fc3 (webtiles) character file.

Game seed: 13059641602872850556

956 sircluck the Grappler (level 7, -9/121 HPs)
             Began as a Troll Berserker on Sept 27, 2023.
             Was a Believer of Trog.
             Mangled by a demonic crawler (16 damage)
             ... in the Dungeon (Sprint VII: "The Pits").
             The game lasted 00:01:13 (227 turns).

sircluck the Grappler (Troll Berserker)              Turns: 227, Time: 00:01:14

Health: -9/121     AC:  5    Str: 28    XL:     7   Next: 91%
Magic:  6/6        EV: 12    Int:  3    God:    Trog [**....]
Gold:   3          SH:  0    Dex:  9    Spells: 6/6 levels left

rFire   . .          .
                       - Unarmed
rCold   . . .        (no shield)
rNeg    . . .        a - +0 animal skin
rPois   .            (helmet restricted)
rElec   .            j - +0 cloak
rCorr   .            (gloves unavailable)
SInv    .            (boots unavailable)
Will    .....        (no amulet) Stlth
                     (no ring)
HPRegen 1.20/turn    (no ring)
MPRegen 0.10/turn

%: no teleportation
@: berserking (expiring), very quick
A: large, unfitting armour, claws 3, regeneration 1, shaggy fur 1, tough skin 1
a: Renounce Religion, Berserk, Trog's Hand


You were in the Dungeon.
You worshipped Trog.
Trog was pleased with you.
You visited 1 branch You collected 3 gold pieces.

Inventory:

Missiles
 h - 7 silver javelins
Armour
 a - a +0 animal skin (worn)
 j - a +0 cloak (worn)
Wands
 i - a wand of mindburst (12)
Scrolls
 g - a scroll of blinking
Potions
 b - a potion of curing
 c - a potion of heal wounds
 d - a potion of haste
 e - 2 potions of magic
 f - a potion of berserk rage


   Skills:
 + Level 8.9 Fighting
 + Level 8.8 Dodging
 + Level 10.5 Unarmed Combat


You had 6 spell levels left.
You didn't know any spells.
Your spell library was empty.

Dungeon Overview and Level Annotations

Branches:
Dungeon (1/1)

Altars:


Innate Abilities, Weirdness & Mutations

You are too large for most types of armour.
You have claws for hands.
Your natural rate of healing is unusually fast.
You are covered in fur. (AC +1)
You have tough skin. (AC +1)


Message History

The demonic crawler hits you! The demonic crawler closely misses you.
The demonic crawler hits you.
You eviscerate the demonic crawler!!! Your claw misses the demonic crawler.
The demonic crawler is severely wounded.
The demonic crawler hits you but does no damage.
The demonic crawler barely misses you. The demonic crawler hits you!
You barely miss the demonic crawler.
The demonic crawler is heavily wounded.
You completely miss the demonic crawler.
The demonic crawler is heavily wounded.
The demonic crawler misses you. The demonic crawler hits you!
The demonic crawler misses you.
You claw the demonic crawler!
The demonic crawler is heavily wounded.
The demonic crawler hits you but does no damage.
The demonic crawler hits you. The demonic crawler hits you!
You barely miss the demonic crawler.
The demonic crawler is heavily wounded.
You claw the demonic crawler!
The demonic crawler is severely wounded.
The demonic crawler hits you!
The demonic crawler closely misses you. x2
You claw the demonic crawler!
The demonic crawler is almost dead.
The demonic crawler barely misses you.
The demonic crawler completely misses you.
The demonic crawler hits you!
* * * LOW HITPOINT WARNING * * *
You scratch the demonic crawler.
The demonic crawler is severely wounded.
The demonic crawler barely misses you. The demonic crawler hits you!
* * * LOW HITPOINT WARNING * * *
The demonic crawler closely misses you.
You completely miss the demonic crawler.
The demonic crawler is severely wounded.
You scratch the demonic crawler.
The demonic crawler is severely wounded.
The demonic crawler closely misses you. The demonic crawler hits you!
* * * LOW HITPOINT WARNING * * *
The demonic crawler hits you!
You die...

#.......##......#
#.......##....###
#...<...##...##
#.......##..##
#.......##..#
#.......##..#
##########..+
#).# #@.# #.s#
#...# #....#
#...... ########


You could see a demonic crawler.

Vanquished Creatures
  Urug (D)
  Maurice (D)
  A water moccasin (D)
3 creatures vanquished.

Notes
Turn   | Place    | Note
-------+----------+-------------------------------------------
     0 | D        | sircluck the Troll Berserker began the quest for the Orb.
     0 | D        | Reached XP level 1. HP: 22/22 MP: 0/0
    11 | D        | Noticed a water moccasin
    11 | D        | Noticed Urug
    15 | D        | Killed a water moccasin
    16 | D        | Reached skill level 5 in Fighting
    16 | D        | Reached skill level 5 in Dodging
    16 | D        | Reached skill level 6 in Unarmed Combat
    16 | D        | Reached XP level 2. HP: 35/35 MP: 1/1
    16 | D        | Reached XP level 3. HP: 42/42 MP: 2/2
    16 | D        | Reached XP level 4. HP: 50/50 MP: 3/3
    26 | D        | HP: 2/75 [Urug/+4 long sword (30)]
    31 | D        | Killed Urug
    32 | D        | Reached skill level 9 in Unarmed Combat
    32 | D        | Reached XP level 5. HP: 6/63 MP: 4/4
    32 | D        | Reached XP level 6. HP: 7/72 MP: 5/5
    32 | D        | Reached XP level 7. HP: 8/80 MP: 6/6
   193 | D        | Noticed Maurice
   197 | D        | Maurice stole 7 silver javelins
   202 | D        | Killed Maurice
   202 | D        | Reached ** piety under Trog
   203 | D        | Reached skill level 10 in Unarmed Combat
   211 | D        | Noticed a demonic crawler
   227 | D        | Mangled by a demonic crawler

Illustrated notes

Levels and vault maps discovered:
D:        pitsprint [storerooms_1, entrance_room_1, metal_vault_6, armoury_1,
          mini_pit_1, grid_room_1, main_hall_1, silver_pit, the_coven_3,
          the_vestibule_1, steel_vault_2, golden_pit, hallway_of_sentries,
          crystal_vault_3, iron_vault_2, final_vault]

Skill      XL: |  1  2  3  4  5  6  7 |
---------------+----------------------+-----
Fighting       | 5 8 |  8.9
Dodging        | 5 8 |  8.8
Unarmed Combat | 6 9 10 | 10.5

Action                     |  1- 3 |  4- 6 |  7- 9 || total
---------------------------+-------+-------+-------++-------
  Melee: Unarmed           |     3 |    15 |    17 ||    35
 Invoke: Berserk           |     1 |       |     1 ||     2
  Evoke: Wand              |       |       |     2 ||     2
 Armour: Animal skin       |     2 |     5 |    19 ||    26
  Dodge: Dodged            |       |     3 |    14 ||    17

Table legend: (Time is in decaauts)
 A = Elapsed time spent in this place.
 B = Non-inter-level travel time spent in this place.
 C = Inter-level travel time spent in this place.
 D = Time resting spent in this place.
 E = Time spent auto-exploring this place.
 F = Levels seen in this place.
 G = Mean time per level.
                   A        B        C        D        E       F      G
               +--------+--------+--------+--------+--------+-----+--------+
         Total |    229 |    229 |      0 |    165 |     11 |   1 |  229.0 |
       Dungeon |    229 |    229 |      0 |    165 |     11 |   1 |  229.0 |
               +--------+--------+--------+--------+--------+-----+--------+

Top non-repeatable levels by time:
       D: 229 daAuts
